 Dungeon Crawl Stone Soup version 0.31-a0-358-gac0dbeb3ab (webtiles) character file.

Game seed: 16189641156975033234

71586 hashsling the Impaler (level 15, -10/134 HPs)
             Began as a Merfolk Ice Elementalist on July 25, 2023.
             Was an Initiate of Gozag.
             Killed by a resonance strike
             ... invoked by Zenata
              (36 damage)
             ... on level 1 of the Elven Halls.
             The game lasted 02:58:45 (27818 turns).

hashsling the Impaler (Merfolk Ice Elementalist)   Turns: 27818, Time: 02:58:50

Health: -10/134    AC: 24    Str:  9    XL:     15   Next: 37%
Magic:  15/29      EV: 24    Int: 21    God:    Gozag
Gold:   582        SH:  7    Dex: 22    Spells: 3/20 levels left

rFire   + . .        X - +10 trident "Kif Widd" {elec, rF+}
rCold   + . .        (no shield)
rNeg    . . .        u - +2 leather armour {rF+}
rPois   .            R - +2 helmet
rElec   +            F - +2 cloak
rCorr   .            W - +1 pair of gloves {Dex+3}
SInv    .            Q - +0 pair of boots "Ylieclicw" {rElec Dex+4}
Will    +....        s - amulet of reflection
Stlth   +++          j - ring of ice
HPRegen 0.42/turn    S - ring of the Octopus King {HP+2 MP+9 AC+2 EV+2 SH+2}
MPRegen 0.21/turn

%: reflection
@: ice-armoured, freezing walls, studying Stealth
A: (nimble swimmer 2), mertail
a: Renounce Religion, Potion Petition, Call Merchant, Bribe Branch


You were on level 1 of the Elven Halls.
You worshipped Gozag.
Gozag was pleased with you.
You visited 5 branches of the dungeon, and saw 22 of its levels.
You also visited: Sewer and Volcano.

You collected 6503 gold pieces.
You spent 5783 gold pieces at shops.
You paid 138 gold pieces to Gozag.

Inventory:

Hand Weapons
 N - a +1 glaive of protection
 X - the +10 trident "Kif Widd" (weapon) {elec, rF+}
   (You found it on level 5 of the Lair of Beasts)

   rF:        It protects you from fire.
Armour
 c - the +0 pair of gloves of the Mind {Int+5 SInv}
   (You found it on level 12 of the Dungeon)

   Int:       It affects your intelligence (+5).
   SInv:      It lets you see invisible.
 n - the -2 hat of the Alchemist {rElec rPois rF+ rC+ rN+ Will+ rMut rCorr}
   (You bought it in a shop on level 5 of the Dungeon)

   rF:        It protects you from fire.
   rC:        It protects you from cold.
   rElec:     It insulates you from electricity.
   rPois:     It protects you from poison.
   rN:        It protects you from negative energy.
   rCorr:     It protects you from acid and corrosion.
   rMut:      It protects you from mutation.
   Will:      It increases your willpower.
 u - a +2 leather armour of fire resistance (worn)
 F - a +2 cloak (worn)
 Q - the +0 pair of boots "Ylieclicw" (worn) {rElec Dex+4}
   (You bought it in a shop on level 6 of the Dungeon)

   Dex:       It affects your dexterity (+4).
   rElec:     It insulates you from electricity.
 R - a +2 helmet (worn)
 W - a +1 pair of gloves of dexterity (worn)
Jewellery
 h - a +6 ring of strength
 j - a ring of ice (left hand)
 s - an amulet of reflection (around neck)
 E - a ring of resist corrosion
 S - a ring of the Octopus King (right hand) {HP+2 MP+9 AC+2 EV+2 SH+2}
   (You bought it in a shop on level 1 of the Dungeon)

   [ring of magical power]

   AC:        It affects your AC (+2).
   EV:        It affects your evasion (+2).
   HP:        It affects your health (+2).
   MP:        It affects your magic capacity (+9).
   SH:        It affects your SH (+2).
 V - a ring of wizardry
Wands
 e - a wand of mindburst (5)
 l - a wand of flame (7)
 w - a wand of iceblast (22)
 z - a wand of charming (35)
 T - a wand of digging (8)
Scrolls
 a - a scroll of fear
 f - 2 scrolls of immolation
 m - 2 scrolls of butterflies
 o - 3 scrolls of silence
 t - 3 scrolls of fog
 v - a scroll of identify
 y - 3 scrolls of enchant armour
 C - 3 scrolls of blinking
 D - 2 scrolls of amnesia
 I - a scroll of brand weapon
 L - 6 scrolls of teleportation
 M - 3 scrolls of poison
 U - 2 scrolls of enchant weapon
Potions
 b - 3 potions of magic
 d - 3 potions of curing
 g - 3 potions of heal wounds
 i - 2 potions of cancellation {unknown}
 k - 3 potions of lignification {unknown}
 p - 3 potions of ambrosia
 q - 3 potions of brilliance
 r - a potion of resistance {unknown}
 B - a potion of degeneration {unknown}
 J - 2 potions of might {unknown}
 K - 3 potions of invisibility
 P - 3 potions of enlightenment {unknown}
 Z - 3 potions of haste {unknown}
Miscellaneous
 Y - a lightning rod (4/4)


   Skills:
 + Level 16.6 Fighting
 - Level 20.0 Polearms
 + Level 14.2 Dodging
 - Level 3.0 Stealth
 + Level 3.3 Spellcasting
 + Level 12.8 Ice Magic


You had 3 spell levels left.
You knew the following spells:

 Your Spells              Type           Power      Damage    Failure   Level
a - Freeze                Ice            100%       1d10      1%          1
b - Frozen Ramparts       Ice            100%       1d16      1%          3
c - Ozocubu's Armour      Ice            72%        N/A       1%          3
d - Hailstorm             Conj/Ice       45%        3d10      3%          3
e - Ensorcelled Hibernat  Hex/Ice        90%        N/A       1%          2
f - Metabolic Englaciati  Hex/Ice        22%        N/A       34%         5

Your spell library contained the following spells:

 Spells                   Type           Power      Damage    Failure   Level
 Magic Dart               Conj           12%        1d3       19%         1
 Necrotise                Necr           12%        1d4       19%         1
 Summon Small Mammal      Summ           12%        N/A       19%         1
 Call Imp                 Summ           6%         N/A       26%         2
 Passwall                 Tmut/Erth      2%         N/A       26%         2
 Static Discharge         Conj/Air       6%         2-3/arc   26%         2
 Sublimation of Blood     Necr           3%         N/A       26%         2
 Call Canine Familiar     Summ           3%         N/A       47%         3
 Dazzling Flash           Conj/Hex       6%         N/A       47%         3
 Ignite Poison            Fire/Tmut/Pois 3%         N/A       47%         3
 Inner Flame              Hex/Fire       3%         N/A       47%         3
 Mephitic Cloud           Conj/Pois/Air  3%         N/A       47%         3
 Summon Guardian Golem    Hex/Summ       3%         N/A       47%         3
 Swiftness                Air            3%         N/A       47%         3
 Vampiric Draining        Necr           3%         2d6       47%         3
 Volatile Blastmotes      Fire/Tloc      6%         2d10      47%         3
 Summon Ice Beast         Ice/Summ       45%        N/A       13%         4
 Ozocubu's Refrigeration  Ice            36%        4d15      61%         7
 Airstrike                Air            1%         2d(1-17)  87%         4
 Petrify                  Tmut/Erth      3%         N/A       87%         4
 Sticky Flame             Conj/Fire      3%         2d3       87%         4
 Summon Lightning Spire   Summ/Air       3%         N/A       87%         4
 Agony                    Necr           3%         N/A       99%         5
 Irradiate                Conj/Tmut      1%         3d12      99%         5
 Summon Mana Viper        Hex/Summ       3%         N/A       99%         5
 Yara's Violent Unravell  Hex/Tmut       1%         3d3       99%         5
 Starburst                Conj/Fire      1%         6d3       100%        6
 Enfeeble                 Hex            1%         N/A       100%        7
 Monstrous Menagerie      Summ           1%         N/A       100%        7
 Ignition                 Fire           1%         3d3       100%        8
 Maxwell's Capacitive Co  Air            1%         ∞         100%        8


Dungeon Overview and Level Annotations

Branches:
Dungeon (13/15)            Temple (1/1) D:6            Lair (5/5) D:11
 Shoals (0/4) Lair:3       Spider (0/4) Lair:2        Slime (0/5) Lair:4
    Orc (2/2) D:12            Elf (1/3) Orc:2         Sewer (visited)
Volcano (visited)
 Vaults: D:13-14

Altars:
Ashenzari
Cheibriados
Dithmenos
Elyvilon
Fedhas
Gozag
Hepliaklqana
Kikubaaqudgha
Makhleb
Nemelex Xobeh
Okawaru
Qazlal
Ru
Sif Muna
Trog
Uskayaw
Vehumet
Wu Jian
Xom
Yredelemnul
Zin
The Shining One
Jiyva

Shops:
D:1 ***(=   D:2 !   D:3 [   D:4 :   D:5 [*(:   D:6 **   D:10 ?[[=   Orc:1 *
Orc:2 :=!(

Portals:
Trove: D:11 (give horn of Geryon)

Annotations:
Elf:1 Zenata


Innate Abilities, Weirdness & Mutations

((You are very nimble when in or above water. (Stealth+, EV+, Speed+++)))
Your lower body shifts to a powerful aquatic tail in water.


Message History

You puncture the +2 hand axe of electrocution!
You destroy the +2 hand axe of electrocution!
The +2 hand axe of electrocution disappears in a puff of smoke!
The +3 dire flail of protection completely resists.
The wall freezes the +3 dire flail of protection but does no damage.
The +3 dire flail of protection hits you.
* * * LOW HITPOINT WARNING * * *
The wall freezes Zenata but does no damage.
Zenata barely misses you.
You puncture the +3 dire flail of protection!
The +3 dire flail of protection is moderately damaged.
The +3 dire flail of protection resists.
The wall freezes the +3 dire flail of protection.
The +3 dire flail of protection misses you.
The wall freezes the +3 dire flail of protection but does no damage.
The +3 dire flail of protection hits you.
* * * LOW HITPOINT WARNING * * *
You hit the +3 dire flail of protection but do no damage.
The +3 dire flail of protection is moderately damaged.
The wall freezes the +3 dire flail of protection but does no damage.
The +3 dire flail of protection barely misses you.
The wall freezes Zenata.
Zenata misses you.
You miss the +3 dire flail of protection.
The +3 dire flail of protection is moderately damaged.
The +3 dire flail of protection resists.
The wall freezes the +3 dire flail of protection.
The +3 dire flail of protection hits you!
* * * LOW HITPOINT WARNING * * *
You feel much better.
The +3 dire flail of protection completely resists.
The wall freezes the +3 dire flail of protection but does no damage.
The +3 dire flail of protection hits you but does no damage.
The wall freezes the +3 dire flail of protection but does no damage.
The +3 dire flail of protection hits you!!
* * * LOW HITPOINT WARNING * * *
The wall freezes Zenata but does no damage.
Zenata gestures at you while chanting.
A blast of power from the earth and the +3 dire flail of protection strikes you!
You die...
Your body crumbles into a pile of gold.

...#
####+####
###.......##.
#.#.......#..
.#.⌠...⌠.#..
#$......#.
#($.....#
#@#####.#
#a......#
#.......# $
#[⌠.<.⌠.#
#.......# $$
#.......#
#########


You could see Zenata and a +3 dire flail of protection (summoned, fast).

Vanquished Creatures
  Nessos (D:13)
  The ghost of knightboat the Nimble, a journeyman DrCj of Vehumet (D:12)
  Erolcha (Orc:2)
  Erica (D:9)
  3 catoblepae
  7 hydras
  4 two-headed ogres
  A merfolk avatar (Lair:5)
  9 death yaks
  4 orc high priests (Orc:2)
  2 skysharks
  A sea snake (Lair:5)
  A harpy (Lair:5)
  An orc knight (Orc:2)
  A deep elf zephyrmancer (Orc:1)
  2 cyclopes (D:12)
  4 deep elf pyromancers
  3 orc sorcerers
  2 manticores
  5 salamanders (Volcano)
  Maurice (D:11)
  Joseph (D:9)
  3 elephants (Lair:3)
  3 black mambas
  3 gargoyles
  2 unseen horrors (D:11)
  19 cane toads
  2 kobold demonologists (D:12)
  12 komodo dragons
  6 rime drakes
  A meliai (Lair:2)
  4 trolls
  2 wind drakes (Lair:5)
  A polar bear (Lair:1)
  2 snapping turtles (Lair:5)
  2 hornets
  Grinder (D:4)
  7 blink frogs
  5 dream sheep (Lair:4)
  Sigmund (D:4)
  3 shadows
  A spriggan (Lair:4)
  A vampire (D:12)
  2 wraiths (D:12)
  3 wyverns
  46 yaks
  2 fire bats (Volcano)
  5 basilisks
  4 vampire mosquitoes (D:12)
  2 wargs
  Menkaure (D:4)
  Edmund (D:5)
  An acid dragon (D:9)
  17 water moccasins
  3 hell hounds
  A swamp drake (Orc:1)
  27 orc warriors
  5 ice beasts
  2 sky beasts (D:7)
  4 black bears
  3 ogres
  A centaur (D:7)
  12 wolves (Lair:2)
  11 kobold brigands
  18 bullfrogs
  A scorpion (D:6)
  2 gnoll sergeants
  9 wights (D:9)
  15 killer bees
  3 troll zombies (D:12)
  3 electric eels (Lair:3)
  14 howler monkeys
  A crimson imp (Orc:1)
  35 orc priests
  2 hounds
  Crazy Yiuf (D:5)
  An iron imp (Orc:1)
  11 jellies
  5 iguanas
  A sleepcap (D:7)
  Ijyb (D:5)
  Natasha (thrice) (D:4)
  27 orc wizards
  3 ogre zombies (D:12)
  Robin (D:4)
  6 adders
  13 gnolls
  2 river rats (D:3)
  2 shadow imps
  2 white imps
  3 ufetubi
  2 worms
  5 dart slugs
  71 orcs
  9 ball pythons
  11 endoplasms
  13 giant cockroaches
  28 goblins
  6 hobgoblins
  8 jackals
  31 kobolds
  10 quokkas
  7 bats
  12 frilled lizards
  A goblin skeleton (D:12)
  2 hobgoblin skeletons (D:12)
  2 hobgoblin zombies (D:12)
  An orc skeleton (D:12)
  13 orc zombies (D:12)
  6 rats
713 creatures vanquished.

Vanquished Creatures (others)
  An ugly thing (D:13)
1 creature vanquished.

Grand Total: 714 creatures vanquished

Notes
Turn   | Place    | Note
-------+----------+-------------------------------------------
     0 | D:1      | hashsling the Merfolk Ice Elementalist began the quest for
                  | the Orb.
     0 | D:1      | Reached XP level 1. HP: 13/13 MP: 3/3
    19 | D:1      | Noticed a +0 great mace
    20 | D:1      | Found Ukkuon's Weapon Shop.
    22 | D:1      | Found Jake's Jewellery Shoppe.
    39 | D:1      | Noticed a +0 triple crossbow
   112 | D:1      | Found Galaecero's Assorted Antiques.
   195 | D:1      | Found Qirghim's General Store.
   224 | D:1      | Reached XP level 2. HP: 19/19 MP: 3/5
   385 | D:1      | Reached skill level 5 in Ice Magic
   559 | D:1      | Reached XP level 3. HP: 20/24 MP: 2/6
   604 | D:1      | Learned a level 3 spell: Frozen Ramparts
   781 | D:1      | Found Ihumithe's General Store.
   786 | D:1      | Bought a scroll of identify for 28 gold pieces
  1231 | D:2      | Found Noeshuos's Distillery.
  1236 | D:2      | Bought a potion of heal wounds for 65 gold pieces
  1462 | D:2      | Reached skill level 1 in Fighting
  1857 | D:2      | Reached XP level 4. HP: 18/33 MP: 3/7
  2207 | D:3      | Found Qamef's Antique Armour Emporium.
  2361 | D:3      | Learned a level 3 spell: Ozocubu's Armour
  2503 | D:3      | Reached XP level 5. HP: 31/39 MP: 5/8
  2648 | D:3      | Found a glowing drain.
  2653 | Sewer    | Entered a sewer
  2899 | Sewer    | Reached XP level 6. HP: 10/49 MP: 7/9
  2902 | Sewer    | Reached skill level 5 in Fighting
  3520 | D:4      | Found Atacuf's Book Shop.
  3532 | D:4      | Noticed Natasha
  3538 | D:4      | Killed Natasha
  3539 | D:4      | Reached skill level 1 in Polearms
  3543 | D:4      | Noticed Natasha
  3552 | D:4      | Killed Natasha
  3616 | D:4      | Noticed Grinder
  3617 | D:4      | Paralysed by Grinder for 3 turns
  3805 | D:3      | Reached skill level 2 in Polearms
  3817 | D:4      | Paralysed by Grinder for 5 turns
  4055 | D:4      | Noticed Natasha
  4062 | D:4      | Killed Natasha
  4063 | D:4      | Reached skill level 3 in Polearms
  4063 | D:4      | Reached XP level 7. HP: 53/57 MP: 5/10
  4176 | D:5      | Entered Level 5 of the Dungeon
  4176 | D:5      | Found Ociy's Book Shop.
  4216 | D:5      | Found a runed translucent door.
  4217 | D:5      | Noticed Crazy Yiuf
  4282 | D:5      | Reached skill level 4 in Polearms
  4419 | D:5      | Reached skill level 5 in Polearms
  4551 | D:5      | Reached skill level 6 in Polearms
  4551 | D:5      | Reached XP level 8. HP: 54/64 MP: 6/11
  4623 | D:5      | Noticed Edmund
  4631 | D:5      | Killed Edmund
  4632 | D:5      | Reached skill level 7 in Polearms
  4813 | D:5      | Found Buwagud's Antique Armour Shop.
  4824 | D:5      | Found a transporter.
  4826 | D:5      | Found Othycap's Assorted Antiques.
  4909 | D:5      | Reached skill level 8 in Polearms
  5301 | D:5      | Reached skill level 9 in Polearms
  5381 | D:5      | Noticed Ijyb
  5391 | D:5      | Killed Ijyb
  5487 | D:5      | Found Geaseg's Antique Weapon Boutique.
  5495 | D:5      | Bought a glowing halberd for 175 gold pieces
  5704 | D:5      | Found a transporter.
  5904 | D:6      | Found a staircase to the Ecumenical Temple.
  5912 | Temple   | Entered the Ecumenical Temple
  5915 | D:6      | Found Waeph's Assorted Antiques.
  6083 | D:6      | Reached XP level 9. HP: 72/72 MP: 5/12
  6106 | D:6      | Reached skill level 5 in Dodging
  6218 | D:6      | Found a glowing golden altar of the Shining One.
  6221 | D:6      | Found a basalt altar of Yredelemnul.
  6221 | D:6      | Found an opulent altar of Gozag.
  6221 | D:6      | Found a shadowy altar of Dithmenos.
  6230 | D:6      | Reached skill level 10 in Polearms
  6234 | D:6      | Found a glowing silver altar of Zin.
  6324 | D:6      | Found a sacrificial altar of Ru.
  6520 | D:6      | Found Siyhuugit's General Store.
  6939 | D:4      | Noticed Sigmund
  6943 | D:4      | Killed Sigmund
  7226 | D:4      | Noticed Menkaure
  7313 | D:4      | Noticed Robin
  7322 | D:4      | Killed Robin
  7496 | D:6      | Became a worshipper of Gozag Ym Sagoz the Greedy
  7539 | D:4      | Paralysed by Grinder for 4 turns
  7683 | D:4      | Paralysed by Grinder for 2 turns
  7701 | D:4      | Killed Grinder
  7702 | D:4      | Reached skill level 11 in Polearms
  7771 | D:4      | Killed Menkaure
  7942 | D:5      | Killed Crazy Yiuf
  8421 | D:7      | Reached XP level 10. HP: 73/83 MP: 10/13
  8522 | D:7      | Reached skill level 12 in Polearms
  8854 | D:7      | Learned a level 3 spell: Hailstorm
  9212 | D:8      | Reached skill level 10 in Fighting
  9252 | D:8      | Identified the +1 leather armour "Ongung" {rPois Str-4
                  | Dex+4 Slay+2}
  9567 | D:8      | Found a sparkling altar of Nemelex Xobeh.
 10092 | D:4      | Bought a book of Burglary for 280 gold pieces
 10095 | D:4      | Learned a level 2 spell: Ensorcelled Hibernation
 10150 | D:6      | Bought a pair of heavily runed boots for 199 gold pieces
 10150 | D:6      | Identified the +0 pair of boots "Ylieclicw" {rElec Dex+4}
                  | (You bought it in a shop on level 6 of the Dungeon)
 10292 | D:9      | Noticed Joseph
 10302 | D:9      | Noticed Erica
 10305 | D:9      | Killed Joseph
 10390 | D:9      | Killed Erica
 10391 | D:9      | Reached skill level 13 in Polearms
 10740 | D:9      | Noticed a two-headed ogre
 10748 | D:9      | Killed a two-headed ogre
 10965 | D:9      | Reached XP level 11. HP: 93/93 MP: 14/14
 11596 | D:10     | Entered Level 10 of the Dungeon
 11883 | D:10     | Reached skill level 14 in Polearms
 12298 | D:10     | Found Dakhymp's Magic Scroll Shop.
 12301 | D:10     | Bought a scroll of teleportation for 45 gold pieces
 12301 | D:10     | Bought a scroll of identify for 30 gold pieces
 12313 | D:10     | Found Amoggel's Armour Shoppe.
 12429 | D:10     | Found Gestreoh's Jewellery Emporium.
 12693 | D:10     | Found Poawets's Armour Emporium.
 12701 | D:10     | Bought a +2 leather armour of fire resistance for 247 gold
                  | pieces
 12862 | D:5      | Bought a runed helmet for 187 gold pieces
 12995 | D:11     | Noticed Maurice
 13002 | D:11     | Killed Maurice
 13270 | D:11     | Found a staircase to the Lair.
 13509 | D:6      | Bought a runed glaive for 199 gold pieces
 13677 | D:11     | Reached skill level 15 in Polearms
 13839 | D:11     | Found a portal to a secret trove of treasure.
 14037 | Lair:1   | Entered Level 1 of the Lair of Beasts
 14319 | Lair:1   | Reached XP level 12. HP: 103/103 MP: 11/15
 15118 | Lair:2   | Noticed a six-headed hydra
 15133 | Lair:2   | Killed a ten-headed hydra
 15135 | Lair:2   | Noticed a death yak
 15137 | Lair:2   | Noticed a death yak
 15141 | Lair:2   | Noticed a death yak
 15142 | Lair:2   | Noticed a catoblepas
 15145 | Lair:2   | Found a hole to the Spider Nest.
 15387 | Lair:1   | Killed a death yak
 15388 | Lair:1   | HP: 4/107 [death yak (16)]
 15403 | Lair:1   | Killed a death yak
 15404 | Lair:1   | Reached skill level 16 in Polearms
 15619 | Lair:2   | Killed a death yak
 15760 | Lair:2   | Reached skill level 10 in Ice Magic
 15948 | Lair:2   | Killed a catoblepas
 16440 | Lair:3   | Reached XP level 13. HP: 113/114 MP: 12/16
 16459 | Lair:3   | Reached skill level 10 in Dodging
 16775 | Lair:3   | Reached skill level 17 in Polearms
 16780 | Lair:3   | Found a staircase to the Shoals.
 17086 | Lair:3   | Found a frozen archway.
 17289 | Lair:3   | Identified the +5 ring mail of Eternal Night {Harm rC+}
 18242 | D:1      | Bought a ring of the Octopus King {HP+2 MP+9 AC+2 EV+2
                  | SH+2} for 733 gold pieces
 18242 | D:1      | Found the ring of the Octopus King {HP+2 MP+9 AC+2 EV+2
                  | SH+2}
 18291 | D:4      | Bought Ozocubu's Autobiography for 336 gold pieces
 18336 | D:1      | Bought a pair of glowing gloves for 187 gold pieces
 18525 | D:10     | Bought a scroll of identify for 30 gold pieces
 18962 | Lair:4   | Reached skill level 15 in Fighting
 19157 | Lair:4   | Found a viscous altar of Jiyva.
 19163 | Lair:4   | Found a staircase to the Slime Pits.
 19748 | Lair:4   | Reached skill level 18 in Polearms
 20232 | Lair:4   | Reached XP level 14. HP: 123/123 MP: 18/18
 20580 | Lair:5   | Entered Level 5 of the Lair of Beasts
 21294 | Lair:5   | Reached skill level 19 in Polearms
 21481 | Lair:5   | Identified the +10 trident "Kif Widd" {elec, rF+}
 22540 | D:5      | Bought a slimy ring mail for 225 gold pieces
 22540 | D:5      | Identified the +0 ring mail of the Ikuchi {Harm rPois rN+}
                  | (You bought it in a shop on level 5 of the Dungeon)
 22623 | D:5      | Bought a lightning rod (4/4) for 600 gold pieces
 22800 | D:2      | Bought a potion of heal wounds for 65 gold pieces
 22800 | D:2      | Bought a potion of ambrosia for 104 gold pieces
 23173 | D:12     | Found a staircase to the Orcish Mines.
 23938 | D:12     | Found a runed translucent gate.
 23938 | D:12     | Found a runed translucent gate.
 23938 | D:12     | Found a runed translucent gate.
 23941 | D:12     | Noticed knightboat's ghost (journeyman DrCj)
 24185 | D:12     | Killed knightboat's ghost
 24208 | D:12     | Identified the +0 pair of gloves of the Mind {Int+5 SInv}
 24314 | Orc:1    | Entered Level 1 of the Orcish Mines
 24345 | Orc:1    | Found a dark tunnel.
 24358 | Volcano  | Entered a volcano
 24772 | Volcano  | Reached XP level 15. HP: 131/131 MP: 19/19
 25508 | D:5      | Bought a scroll of blinking for 150 gold pieces
 25508 | D:5      | Bought the -2 hat of the Alchemist {rElec rPois rF+ rC+ rN+
                  | Will+ rMut rCorr} for 944 gold pieces
 25508 | D:5      | Found the -2 hat of the Alchemist {rElec rPois rF+ rC+ rN+
                  | Will+ rMut rCorr}
 25727 | D:13     | Noticed Nessos
 25740 | D:13     | Killed Nessos
 25969 | Orc:1    | Found Paxyelato's Assorted Antiques.
 25977 | Orc:1    | Bought a scroll of identify for 70 gold pieces
 25977 | Orc:1    | Bought a potion of heal wounds for 175 gold pieces
 25977 | Orc:1    | Bought an ancient robe for 199 gold pieces
 25977 | Orc:1    | Identified the +1 robe of Iwkuofru {rCorr Int-4 SInv} (You
                  | bought it in a shop on level 1 of the Orcish Mines)
 26169 | Orc:2    | Entered Level 2 of the Orcish Mines
 26180 | Orc:2    | Reached skill level 20 in Polearms
 26383 | Orc:2    | Found a staircase to the Elven Halls.
 26505 | Orc:2    | Noticed Erolcha
 26516 | Orc:2    | Killed Erolcha
 27009 | Orc:2    | Found Pox Zico's Book Shoppe.
 27009 | Orc:2    | Found Xalaf Azu's Jewellery Shoppe.
 27035 | Orc:2    | Found Som Peeh's Distillery.
 27035 | Orc:2    | Found Huty's Antique Weapon Emporium.
 27114 | Orc:2    | Bought a book of Sloth for 510 gold pieces
 27120 | Orc:2    | Learned a level 5 spell: Metabolic Englaciation
 27304 | Orc:2    | Paralysed by an orc sorcerer for 3 turns
 27789 | Elf:1    | Entered Level 1 of the Elven Halls
 27789 | Elf:1    | Noticed Zenata
 27818 | Elf:1    | Killed from afar by Zenata

Illustrated notes

Levels and vault maps discovered:
D:1:      mainiacjoe_arrival_reflecting_pool, layout_basic, serial_shops,
          shop_statue, nicolae_shop_tiny_glass, shop,
          nicolae_shop_tiny_statue_garden, nicolae_shop_mannequins,
          minmay_vboxes
D:2:      kennysheep_big_flooded_room, layout_loops_corners, serial_shops,
          nicolae_shop_crystal, nicolae_the_louvre
D:3:      layout_loops_ring, lightli_sewer_entry_pipes, serial_shops, shop,
          chequers_garden
D:4:      kennysheep_goblin_castle, layout_basic, serial_shops, shop,
          corexii_corridor_pit, uniq_grinder, uniq_natasha, uniq_sigmund,
          uniq_menkaure
D:5:      kb_forest_paths, layout_basic, serial_shops, nicolae_shop_drivethru,
          shop, nicolae_stop_n_shop_1, nicolae_stop_n_shop_1,
          minmay_ogre_servants, uniq_crazy_yiuf_cottage, uniq_edmund, uniq_ijyb
D:6:      layout_rooms, minmay_overflow_temple_hex,
          minmay_temple_entry_statues_pillars, serial_shops, nicolae_shop_trees,
          shop
D:7:      layout_loops_ring, minmay_misc_feat_enclosed
D:8:      layout_rooms, nemelex_xobeh_ov_fountains_minmay
D:9:      layout_layer_cave, nicolae_concentric_dashed_squares_mild, uniq_erica,
          uniq_joseph
D:10:     layout_roguey, serial_shops, shop, shop, nicolae_shop_behind_doors,
          nicolae_shop_just_a_little_nook
D:11:     layout_cave_pools, lair_entry_dummy, nicolae_trove_entry_columns,
          uniq_maurice
D:12:     layout_loops_ring, zombieorc1_lemuel, serial_glass, glass_columns_a,
          glass_columns_b, glass_columns_b, glass_columns_a, glass_columns_c,
          glass_columns_a, glass_columns_a, glass_columns_a, glass_columns_a,
          glass_columns_a, glass_columns_a, glass_columns_b, glass_columns_a,
          glass_columns_c, biasface_ghost_orc_armoury, drop_trap
D:13:     layout_stronghold, uniq_nessos
Temple:   nicolae_temple_superstar
Lair:1:   layout_regular_city
Lair:2:   layout_loops_ring, hellmonk_spider_entry_not_the_bees,
          nicolae_lair_grazing_beasts [nicolae_sub_lair_graze_edge,
          nicolae_sub_lair_graze_edge, nicolae_sub_lair_graze_edge,
          nicolae_sub_lair_graze_edge]
Lair:3:   layout_chaotic_city, elwin_shoals_entry_rocks,
          portal_ice_cave_entry_pillars_2, small_statue_intersection,
          serial_bayou_shore_a, grunt_megastairs_1, infiniplex_staircase_pool_2
Lair:4:   layout_regular_city, minmay_slime_entry_jelly_boxes,
          grunt_forest_large_clearing_hut, grunt_megastairs_4
Lair:5:   gammafunk_lair_ancient_temple, layout_gridlike,
          chequers_serial_rivers_small_b
Orc:1:    layout_caves, enter_volcano_3, serial_shops, nicolae_shop_peninsula,
          basic_altar, hangedman_minor_magic
Orc:2:    st_orc_mages, layout_caves, uniq_erolcha
Elf:1:    nicolae_elf_arrival_fired_up, layout_geoelf_grid, serial_shops, shop,
          evilmike_minifort, uniq_zenata

Skill      XL: |  1  2  3  4  5  6  7  8  9 10 11 12 13 14 15 |
---------------+----------------------------------------------+-----
Dodging        | 3 4 5 7 9 11 13 14 | 14.2
Ice Magic      | 5 6 7 8 10 12 | 12.8
Fighting       | 1 2 4 5 6 7 9 11 12 14 15 16 | 16.6
Polearms       | 3 6 9 11 13 15 16 18 19 20 | 20.0
Stealth        | 3 |  3.0
Spellcasting   | 3 |  3.3

Action                     |  1- 3 |  4- 6 |  7- 9 | 10-12 | 13-15 || total
---------------------------+-------+-------+-------+-------+-------++-------
  Melee: Whip              |    72 |   107 |       |       |       ||   179
         Punch             |     2 |       |       |       |     6 ||     8
         Tailslap          |     1 |     6 |       |     1 |     5 ||    13
         Spear             |       |    25 |    15 |       |       ||    40
         Trident           |       |       |    77 |       |   396 ||   473
         Halberd           |       |       |   155 |   370 |       ||   525
         Glaive            |       |       |       |    86 |   429 ||   515
  Throw: Dart              |       |       |     1 |       |       ||     1
   Cast: Freeze            |    39 |    54 |    34 |    42 |   152 ||   321
         Frozen Ramparts   |       |     4 |    18 |    37 |    67 ||   126
         Ozocubu's Armour  |       |     2 |    14 |    25 |    45 ||    86
         Hailstorm         |       |       |       |     4 |    27 ||    31
         Ensorcelled Hiber |       |       |       |     5 |    10 ||    15
  Evoke: Wand              |       |       |     1 |     8 |     4 ||    13
    Use: Scroll            |     1 |     1 |       |     9 |     9 ||    20
         Potion            |       |       |     1 |     5 |     3 ||     9
   Stab: Sleeping          |     2 |     2 |     8 |     3 |    12 ||    27
         Distracted        |       |       |       |     8 |    14 ||    22
 Armour: Robe              |    17 |    34 |    18 |       |       ||    69
         Leather armour    |       |       |    78 |   115 |   202 ||   395
         Ring mail         |       |       |       |       |     1 ||     1
  Dodge: Dodged            |    92 |   157 |   177 |   298 |   576 ||  1300
  Block: Other             |       |       |       |       |    87 ||    87
         Reflection        |       |       |       |       |     8 ||     8

Table legend: (Time is in decaauts)
 A = Elapsed time spent in this place.
 B = Non-inter-level travel time spent in this place.
 C = Inter-level travel time spent in this place.
 D = Time resting spent in this place.
 E = Time spent auto-exploring this place.
 F = Levels seen in this place.
 G = Mean time per level.
                   A        B        C        D        E       F      G
               +--------+--------+--------+--------+--------+-----+--------+
         Total |  27425 |  23731 |   3694 |    414 |  17776 |  24 | 1142.7 |
       Dungeon |  16857 |  13684 |   3173 |    231 |  10431 |  13 | 1296.7 |
        Temple |      1 |      1 |      0 |      0 |      0 |   1 |    1.0 |
          Lair |   7370 |   7000 |    370 |    183 |   5230 |   5 | 1474.0 |
  Orcish Mines |   2150 |   2000 |    150 |      0 |   1471 |   2 | 1075.0 |
   Elven Halls |     21 |     21 |      0 |      0 |      0 |   1 |   21.0 |
         Sewer |    434 |    434 |      0 |      0 |    278 |   1 |  434.0 |
       Volcano |    588 |    588 |      0 |      0 |    364 |   1 |  588.0 |
               +--------+--------+--------+--------+--------+-----+--------+

Top non-repeatable levels by time:
     D:5: 2350 daAuts
  Lair:5: 1652 daAuts
  Lair:4: 1632 daAuts
     D:4: 1632 daAuts
  Lair:1: 1574 daAuts
  Lair:3: 1567 daAuts
     D:9: 1564 daAuts
     D:7: 1553 daAuts
    D:10: 1373 daAuts
   Orc:2: 1353 daAuts
    D:12: 1316 daAuts
     D:3: 1285 daAuts
     D:1: 1262 daAuts
     D:2: 1180 daAuts
    D:11: 1129 daAuts
